 Dungeon Crawl Stone Soup version 0.23.2-40-g277498a (webtiles) character file.

Game seed: 5975881261723202992

242 Fang the Skirmisher (level 6, -2/39 HPs)
             Began as a Gargoyle Berserker on Oct 23, 2019.
             Was a Priest of Trog.
             Splashed by a kobold's acid (9 damage)
             ... while paralysed by a big kobold
             ... on level 3 of the Dungeon.
             The game lasted 00:04:16 (2744 turns).

Fang the Skirmisher (Gargoyle Berserker)            Turns: 2744, Time: 00:04:17

Health: -2/39      AC:  2    Str: 22    XL:     6   Next: 9%
Magic:  6/6        EV:  2    Int:  8    God:    Trog [***...]
Gold:   169        SH:  0    Dex:  9    Spells: 5/5 levels left

rFire    + . .     SeeInvis .   a - +0 hand axe
rCold    . . .     Gourm    .   (no shield)
rNeg     + . .     Faith    .   b - +0 animal skin
rPois    ∞         Spirit   .   (no helmet)
rElec    +         Reflect  +   (no cloak)
rCorr    .         Harm     .   (no gloves)
MR       .....                  (no boots)
Stlth    +.........             p - +5 amulet of reflection
HPRegen  0.13/turn              k - ring of protection from fire
MPRegen  0.10/turn              (no ring)

@: paralysed, about to teleport, corroded
A: negative energy resistance 1, electricity resistance, unbreathing,
petrification resistance, rot immunity, AC +4
a: Berserk, Trog's Hand, Renounce Religion


You were on level 3 of the Dungeon.
You worshipped Trog.
Trog was most pleased with you.
You were not hungry.

You visited 1 branch of the dungeon, and saw 3 of its levels.

You collected 169 gold pieces.

Inventory:

Hand Weapons
 a - a +0 hand axe (weapon)
Armour
 b - a +0 animal skin (worn)
Jewellery
 k - a ring of protection from fire (left hand)
 p - a +5 amulet of reflection (around neck)
Wands
 o - a wand of paralysis (9)
Scrolls
 e - 2 scrolls of identify {unknown}
 h - 2 scrolls of remove curse {unknown}
 i - a scroll of enchant armour {unknown}
 j - a scroll of immolation {unknown}
 q - 2 scrolls of teleportation {unknown}
Potions
 d - 4 potions of flight {unknown}
 g - a potion of cancellation {unknown}
 l - a potion of heal wounds {unknown}
 m - a potion of degeneration {unknown}
 n - a potion of agility {unknown}
 r - a potion of curing {unknown}
 s - 2 potions of might {unknown}
Comestibles
 c - 7 rations
 f - 3 chunks of flesh


   Skills:
 + Level 4.5 Fighting
 + Level 3.8 Axes
 + Level 3.8 Armour
 + Level 2.8 Dodging


You had 5 spell levels left.
You didn't know any spells.
Your spell library was empty.

Dungeon Overview and Level Annotations

Branches:
Dungeon (3/15)

Altars:
Nemelex Xobeh

Annotations:
D:3 Bucky5's ghost, amateur CeHu


Innate Abilities, Weirdness & Mutations

You are resistant to torment.
Your stone body is resilient. (AC +4)
You are immune to poison.
You resist negative energy. (rN+)
You are resistant to electric shocks. (rElec)
You can survive without breathing.
You are immune to petrification.
You are immune to rotting.


Message History

No reachable target in view!
No reachable target in view!
No reachable target in view!
No reachable target in view!
No reachable target in view!
No reachable target in view!
You open the gate. You barely miss the kobold. You hit the kobold.
The kobold barely misses you. The kobold hits you but does no damage.
Space warps horribly around you!
The big kobold zaps a wand.
You suddenly lose the ability to move!
Bucky5's ghost laughs crazily.
The big kobold hits you but does no damage.
The big kobold completely misses you.
The big kobold hits you with the +3 short sword "Worm's Wrath" {chaos, *Corrode rF+ Dex+4}.
The big kobold hits you with a +0 whip. The kobold hits you but does no damage.
You feel strangely unstable.
The kobold zaps a wand.
The bolt of acid misses the kobold.
The bolt of acid hits you!
* * * LOW HITPOINT WARNING * * *
The acid corrodes you!
You are splashed with acid!
You die...

#..##.###..##### #.#..
#........(##.♣.## #....
#.........#.....# ####.
##........'.###..# #.
#.##.....'......#####.
#.#..K.K.'.###..#.....
#.#..WKKK#.....######.
###.###KKK.##.♣.##......
#.....K@#...###########.
####.#..#.####..........
##....##.# ###########
#...(..#.# #..#<..#.#
#........# #....#####
######


You could see 2 big kobolds, Bucky5's ghost and 7 kobolds.

Vanquished Creatures
  A hound (D:3)
  An orc wizard (D:3)
  2 orc priests (D:3)
  3 adders (D:3)
  2 worms (D:3)
  4 dart slugs
  3 leopard geckos
  5 orcs (D:3)
  3 ball pythons
  8 bats
  2 giant cockroaches (D:1)
  6 goblins
  9 hobgoblins
  9 jackals
  4 kobolds
  4 frilled lizards
  7 rats
73 creatures vanquished.

Vanquished Creatures (others)
  3 fungi (D:3)
  A plant (D:3)
4 creatures vanquished.

Grand Total: 77 creatures vanquished

Notes
Turn   | Place    | Note
-------+----------+-------------------------------------------
     0 | D:1      | Fang the Gargoyle Berserker began the quest for the Orb.
     0 | D:1      | Reached XP level 1. HP: 14/14 MP: 1/1
   399 | D:1      | Reached XP level 2. HP: 15/19 MP: 2/2
   582 | D:1      | Reached XP level 3. HP: 23/23 MP: 3/3
   692 | D:1      | Reached ** piety under Trog
  1652 | D:2      | Reached XP level 4. HP: 24/29 MP: 4/4
  1734 | D:3      | Found a runed translucent gate.
  1734 | D:3      | Found a runed translucent gate.
  1734 | D:3      | Identified the +3 short sword "Worm's Wrath" {chaos,
                  | *Corrode rF+ Dex+4}
  1734 | D:3      | Noticed a big kobold
  1735 | D:3      | Found a runed translucent gate.
  1735 | D:3      | Noticed Bucky5's ghost (amateur CeHu)
  1740 | D:3      | Noticed a big kobold
  1862 | D:3      | Reached skill level 4 in Fighting
  2117 | D:3      | Found a sparkling altar of Nemelex Xobeh.
  2177 | D:3      | Reached XP level 5. HP: 17/33 MP: 5/5
  2603 | D:3      | Reached XP level 6. HP: 39/39 MP: 6/6
  2603 | D:3      | Reached *** piety under Trog
  2741 | D:3      | Paralysed by a big kobold for 7 turns
  2744 | D:3      | Splashed by a kobold's acid

Skill      XL: |  1  2  3  4 |
---------------+-------------+-----
Axes           | 3 |  3.8
Dodging        | 2 |  2.8
Armour         | 3 |  3.8
Fighting       | 4 |  4.5

Action                   |  1- 3 |  4- 6 || total
-------------------------+-------+-------++-------
Melee: Hand axe          |   124 |   106 ||   230
Invok: Berserk           |       |     1 ||     1
 Stab: Sleeping          |     1 |     1 ||     2
  Eat: Chunk             |     2 |     5 ||     7
Armor: Animal skin       |    51 |    35 ||    86
Dodge: Dodged            |   132 |    68 ||   200
Block: Other             |       |    24 ||    24
